Workbook
Name AbaDeprec: '7. Depreciação'!$A$1
Name AbaRemun: #REF!
Name AbaRemun: #REF!
Name AbaRemun: #REF!

Sheet Resumo
A1: PREFEITURA MUNICIPAL DE CASCA
A2: Resumo Custo Edital de Resíduos Vegetais, Volumosos e Interior
A3: Ordem | B3: Descrição | C3: PO R$
A4: 1 | B4: Coleta Resíduos Vegetais, Volumosos e Interior | C4: ='1. Col Veg Vol e Int'!F281 -> 24958.972
A5: Total Geral | C5: =SUM(C4:C4) -> 24958.972

Sheet 1. Col Veg Vol e Int
A1: ANEXO .... – PLANILHA DE CUSTOS
A2: Orientações para preenchimento:
A3: 1. Esta planilha é somente um modelo-base, devendo ser adaptada para cada caso concreto.
A4: Qualquer custo previsto no edital e não contemplado nesta planilha deverá ser devidamente incluído.
A5: 2. Antes de preenchê-la, leia a Orientação Técnica - Serviço de coleta de resíduos sólidos domiciliares
A6: 3. Preencher somente células em amarelo
A7: 4. As células azuis deverão ter seus valores preenchidos em outra planilha do arquivo.
A9: O TCE/RS não se responsabiliza pelo uso incorreto desta planilha.
A10: O orçamento deve ser realizado por responsável técnico habilitado e é de responsabilidade do seu autor.
A12: Prefeitura Municipal de Casca
A13: 1. Serviços de Coleta de Resíduos Vegetais, Volumosos e Seletivos no Interior
A14: Planilha de Composição de Custos
A16: Orçamento Sintético
A17: Descrição do Item | E17: Custo (R$/mês) | F17: %
A18: =A55 -> 1. Mão-de-obra | E18: =+F130 -> 7611.8784 | F18: =IFERROR(E18/$E$38,0) -> 0.30497564
A19: =A56 -> 1.1. Coletor Turno Dia | E19: =F67 -> 4319.6218 | F19: =IFERROR(E19/$E$38,0) -> 0.1730689
A20: =A69 -> 1.2. Supervisor dos serviços | E20: =F86 -> 386.02273 | F20: =IFERROR(E20/$E$38,0) -> 0.015466291
A21: =A88 -> 1.3. Motorista Turno do Dia | E21: =F101 -> 2151.9061 | F21: =IFERROR(E21/$E$38,0) -> 0.086217736
A22: =A103 -> 1.4. Vale Transporte | E22: =F109 -> 241.87182 | F22: =IFERROR(E22/$E$38,0) -> 0.0096907765
A23: =A111 -> 1.5. Vale-refeição (diário) | E23: =F116 -> 444.464 | F23: =IFERROR(E23/$E$38,0) -> 0.017807784
A24: =A118 -> 1.6. Auxílio Alimentação (mensal) | E24: =F122 -> 48.572 | F24: =IFERROR(E24/$E$38,0) -> 0.0019460737
A25: =A124 -> 1.7. Plano de Benefício Social | E25: =F128 -> 19.42 | F25: =IFERROR(E25/$E$38,0) -> 0.00077807691
A26: =A132 -> 2. Uniformes e Equipamentos de Proteção Individual | E26: =+F162 -> 173.125 | F26: =IFERROR(E26/$E$38,0) -> 0.0069363833
A27: =A164 -> 3. Veículos e Equipamentos | E27: =+F243 -> 9212.2199 | F27: =IFERROR(E27/$E$38,0) -> 0.36909452
A28: =A165 -> 3.1. Veículo Coletor com caçamba/gaiola | E28: =SUM(E29:E34) -> 9212.2199 | F28: =IFERROR(E28/$E$38,0) -> 0.36909452
A29: =A166 -> 3.1.1. Depreciação | E29: =F180 -> 589.41667 | F29: =IFERROR(E29/$E$38,0) -> 0.023615422
A30: =A182 -> 3.1.2. Remuneração do Capital | E30: =F198 -> 921.14917 | F30: =IFERROR(E30/$E$38,0) -> 0.036906534
A31: =A200 -> 3.1.3. Impostos e Seguros | E31: =F206 -> 254.05833 | F31: =IFERROR(E31/$E$38,0) -> 0.010179038
A32: =A208 -> 3.1.4. Consumos | E32: =F226 -> 5118.0282 | F32: =IFERROR(E32/$E$38,0) -> 0.20505765
A33: =A228 -> 3.1.5. Manutenção | E33: =F232 -> 1771.5343 | F33: =IFERROR(E33/$E$38,0) -> 0.070977854
A34: =A234 -> 3.1.6. Pneus | E34: =F241 -> 558.0333 | F34: =IFERROR(E34/$E$38,0) -> 0.022358024
A35: =A245 -> 4. Ferramentas e materiais e Destino Final materiais | E35: =+F257 -> 3038.8517 | F35: =IFERROR(E35/$E$38,0) -> 0.12175388
A36: =A259 -> 5. Monitoramento da frota | E36: =+F268 -> 110 | F36: =IFERROR(E36/$E$38,0) -> 0.0044072327
A37: =A272 -> 5. Benefícios e Despesas Indiretas - BDI | E37: =+F278 -> 4812.8973 | F37: =IFERROR(E37/$E$38,0) -> 0.19283235
A38: PREÇO TOTAL MENSAL COM A COLETA | E38: =E18+E26+E27+E35+E36+E37 -> 24958.972 | F38: =F18+F26+F27+F35+F36+F37 -> 1
A41: Quantitativos
A42: Mão-de-obra | E42: Quantidade
A43: =+A56 -> 1.1. Coletor Turno Dia | E43: =C66 -> 2
A44: =+A69 -> 1.2. Supervisor dos serviços | E44: =C85 -> 1
A45: =+A88 -> 1.3. Motorista Turno do Dia | E45: =C100 -> 1
A47: Total de mão-de-obra (postos de trabalho) | E47: =SUM(E43:E46) -> 4
A49: Veículos e Equipamentos | E49: Quantidade
A50: =+A165 -> 3.1. Veículo Coletor com caçamba/gaiola | E50: =C179 -> 1
A53: Fator de utilização (FU) | B53: ='5.Horarios'!G24 -> 0.5
A55: 1. Mão-de-obra
A56: 1.1. Coletor Turno Dia
A57: Discriminação | B57: Unidade | C57: Quantidade | D57: Custo unitário | E57: Subtotal | F57: Total (R$)
A58: Piso da categoria | B58: mês | C58: 1 | D58: 1816.57 | E58: =C58*D58 -> 1816.57
A59: Horas Extras (100%) | B59: hora | D59: =D58/220*2 -> 16.514273 | E59: =C59*D59 -> 0 | G59: Excluir esta linha caso a contratação não tenha previsão de horas extras 100% explícita no edital
A60: Horas Extras (50%) | B60: hora | D60: =D58/220*1.5 -> 12.385705 | E60: =C60*D60 -> 0 | G60: Excluir esta linha caso a contratação não tenha previsão de horas extras 50% explícita no edital
A61: Descanso Semanal Remunerado (DSR) - hora extra | B61: R$ | D61: =63/302*(SUM(E59:E60)) -> 0 | E61: =D61 -> 0 | G61: Excluir esta linha caso a contratação não tenha previsão de horas extras explícita no edital
A62: Adicional de Insalubridade | B62: % | C62: 40 | D62: =SUM(E58:E61) -> 1816.57 | E62: =C62*D62/100 -> 726.628
A63: Soma | E63: =SUM(E58:E62) -> 2543.198
A64: Encargos Sociais | B64: % | C64: ='2.Encargos Sociais'!$C$38*100 -> 69.85 | D64: =E63 -> 2543.198 | E64: =D64*C64/100 -> 1776.4238
A65: Total por Coletor | E65: =E63+E64 -> 4319.6218
A66: Total do Efetivo | B66: homem | C66: 2 | D66: =E65 -> 4319.6218 | E66: =C66*D66 -> 8639.2436
D67: Fator de utilização | E67: =B53 -> 0.5 | F67: =E66*E67 -> 4319.6218
A69: 1.2. Supervisor dos serviços
A70: Discriminação | B70: Unidade | C70: Quantidade | D70: Custo unitário | E70: Subtotal | F70: Total (R$)
A71: Piso da categoria | B71: mês | C71: 1 | D71: 2500 | E71: =C71*D71 -> 2500
A72: Adicional Noturno | B72: horas trabalhadas
B73: hora contabilizada | C73: =C72*8/7 -> 0 | D73: =D71/220*0.2 -> 2.2727273 | E73: =C72*D73 -> 0
A74: Horas Extras (100%) | B74: hora | D74: =D71/220*2 -> 22.727273 | E74: =C74*D74 -> 0 | G74: Excluir esta linha caso a contratação não tenha previsão de horas extras 100% explícita no edital
A75: Horas Extras Noturnas (100%) | B75: horas trabalhadas | G75: Excluir esta linha caso a contratação não tenha previsão de horas extras noturnas 100% explícita no edital
B76: hora contabilizada | C76: =C75*8/7 -> 0 | D76: =D71/220*2*1.2 -> 27.272727 | E76: =C76*D76 -> 0 | G76: Excluir esta linha caso a contratação não tenha previsão de horas extras noturnas 100% explícita no edital
A77: Horas Extras (50%) | B77: hora | D77: =D71/220*1.5 -> 17.045455 | E77: =C77*D77 -> 0 | G77: Excluir esta linha caso a contratação não tenha previsão de horas extras 50% explícita no edital
A78: Horas Extras Noturnas (50%) | B78: horas trabalhadas | G78: Excluir esta linha caso a contratação não tenha previsão de horas extras noturnas 50% explícita no edital
B79: hora contabilizada | C79: =C78*8/7 -> 0 | D79: =D71/220*1.5*1.2 -> 20.454545 | E79: =C79*D79 -> 0 | G79: Excluir esta linha caso a contratação não tenha previsão de horas extras noturnas 50% explícita no edital
A80: Descanso Semanal Remunerado (DSR) - hora extra | B80: R$ | D80: =63/302*(SUM(E74:E79)) -> 0 | E80: =D80 -> 0 | G80: Excluir esta linha caso a contratação não tenha previsão de horas extras explícita no edital
A81: Adicional de Insalubridade | B81: % | C81: 0 | D81: =SUM(E71:E80) -> 2500 | E81: =C81*D81/100 -> 0
A82: Soma | E82: =SUM(E71:E81) -> 2500
A83: Encargos Sociais | B83: % | C83: ='2.Encargos Sociais'!$C$38*100 -> 69.85 | D83: =E82 -> 2500 | E83: =D83*C83/100 -> 1746.25
A84: Total por funcionário | E84: =E82+E83 -> 4246.25
A85: Total do Efetivo | B85: homem | C85: 1 | D85: =E84 -> 4246.25 | E85: =C85*D85 -> 4246.25
A86: Obs: Considerado 4 horas semanais | D86: Fator de utilização | E86: =4/44 -> 0.090909091 | F86: =E85*E86 -> 386.02273
A88: 1.3. Motorista Turno do Dia
A89: Discriminação | B89: Unidade | C89: Quantidade | D89: Custo unitário | E89: Subtotal | F89: Total (R$)
A90: Piso da categoria (2) | B90: mês | C90: 1 | D90: 2251.49 | E90: =C90*D90 -> 2251.49
A91: Salário mínimo nacional (1) | B91: mês | C91: 1 | D91: 1412
A92: Horas Extras (100%) | B92: hora | D92: =D90/220*2 -> 20.468091 | E92: =C92*D92 -> 0 | G92: Excluir esta linha caso a contratação não tenha previsão de horas extras 100% explícita no edital
A93: Horas Extras (50%) | B93: hora | D93: =D90/220*1.5 -> 15.351068 | E93: =C93*D93 -> 0 | G93: Excluir esta linha caso a contratação não tenha previsão de horas extras 50% explícita no edital
A94: Descanso Semanal Remunerado (DSR) - hora extra | B94: R$ | D94: =63/302*(SUM(E92:E93)) -> 0 | E94: =D94 -> 0 | G94: Excluir esta linha caso a contratação não tenha previsão de horas extras explícita no edital
A95: Base de cálculo da Insalubridade | C95: 0
A96: Adicional de Insalubridade | B96: % | C96: 20 | D96: =D91 -> 1412 | E96: =C96*D96/100 -> 282.4
A97: Soma | E97: =SUM(E90:E96) -> 2533.89
A98: Encargos Sociais | B98: % | C98: ='2.Encargos Sociais'!$C$38*100 -> 69.85 | D98: =E97 -> 2533.89 | E98: =D98*C98/100 -> 1769.9222
A99: Total por Motorista | E99: =E97+E98 -> 4303.8122
A100: Total do Efetivo | B100: homem | C100: 1 | D100: =E99 -> 4303.8122 | E100: =C100*D100 -> 4303.8122
D101: Fator de utilização | E101: ='5.Horarios'!G36 -> 0.5 | F101: =E100*E101 -> 2151.9061
A103: 1.4. Vale Transporte
A104: Discriminação | B104: Unidade | C104: Quantidade | D104: Custo unitário | E104: Subtotal | F104: Total (R$)
A105: Vale Transporte | B105: R$ | C105: 1 | D105: 6
A106: Dias Trabalhados por mês | B106: dia | C106: 17
A107: Coletor | B107: vale | C107: =$C$106*2*(C66) -> 68 | D107: =D105-(E63/42*0.06) -> 2.36686 | E107: =IFERROR(C107*D107,"-") -> 160.94648
A108: Motorista | B108: vale | C108: =$C$106*2*(C100) -> 34 | D108: =D105-(E97/42*0.06) -> 2.3801571 | E108: =IFERROR(C108*D108,"-") -> 80.925343
F109: =SUM(E107:E108) -> 241.87182
A111: 1.5. Vale-refeição (diário)
A112: Discriminação | B112: Unidade | C112: Quantidade | D112: Custo unitário | E112: Subtotal | F112: Total (R$)
A113: =+A107 -> Coletor | B113: unidade | C113: =C106*(E43) -> 34 | D113: =11.84*0.81 -> 9.5904 | E113: =C113*D113 -> 326.0736
A114: =+A108 -> Motorista | B114: unidade | C114: =C106*(E46+E45) -> 17 | D114: =8*0.8 -> 6.4 | E114: =C114*D114 -> 108.8
...

Sheet 2.Encargos Sociais
A1: Orientações para preenchimento:
A2: 1. Preencha previamente os dados de entrada na planilha 3.CAGED
A4: O TCE/RS não se responsabiliza pelo uso incorreto desta planilha.
A5: O orçamento deve ser realizado por responsável técnico habilitado e
A6: é de responsabilidade do seu autor.
A8: 3. Composição dos Encargos Sociais
A9: Código | B9: Descrição | C9: Valor
A10: A1 | B10: INSS | C10: 0.2
A11: A2 | B11: SESI | C11: 0.015
A12: A3 | B12: SENAI | C12: 0.01
A13: A4 | B13: INCRA | C13: 0.002
A14: A5 | B14: SEBRAE | C14: 0.006
A15: A6 | B15: Salário educação | C15: 0.025
A16: A7 | B16: Seguro contra acidentes de trabalho | C16: 0.03
A17: A8 | B17: FGTS | C17: 0.08
A18: A | B18: SOMA GRUPO A | C18: =SUM(C10:C17) -> 0.368
A20: B1 | B20: Férias gozadas | C20: 0.07
A21: B2 | B21: 13º salário | C21: 0.0833
A22: B3 | B22: Licença Paternidade | C22: 0.0006
A23: B4 | B23: Faltas justificadas | C23: 0.0082
A24: B5 | B24: Auxilio acidente de trabalho | C24: 0.0031
A25: B6 | B25: Auxilio doença | C25: 0.012
A26: B | B26: SOMA GRUPO B | C26: =SUM(C20:C25) -> 0.1772
A28: C1 | B28: Aviso prévio indenizado | C28: 0.021
A29: C2 | B29: Férias indenizadas | C29: 0.0411
A30: C3 | B30: Férias indenizadas s/ aviso previo inden. | C30: 0.0013
A31: C4 | B31: Depósito rescisão sem justa causa | C31: 0.021
A32: C5 | B32: Indenização adicional | C32: 0.002
A33: C | B33: SOMA GRUPO C | C33: =SUM(C28:C32) -> 0.0864
A35: D1 | B35: Reincidência de Grupo A sobre Grupo B | C35: =ROUND(C18*C26,4) -> 0.0652
A36: D2 | B36: Reincidência de FGTS sobre aviso prévio indenizado | C36: =ROUND((C28*C17),4) -> 0.0017
A37: D | B37: SOMA GRUPO D | C37: =SUM(C35:C36) -> 0.0669
B38: SOMA (A+B+C+D) | C38: =C37+C33+C26+C18 -> 0.6985

Sheet 3.BDI
A1: Orientações para preenchimento:
A2: 1. Esta planilha é somente um modelo-base e deve ser ajustada conforme cada caso concreto.
A3: 2. Preencher somente células em amarelo
A5: O TCE/RS não se responsabiliza pelo uso incorreto desta planilha.
A6: O orçamento deve ser realizado por responsável técnico habilitado e é
A7: de responsabilidade do seu autor.
A9: 5. Composição do BDI - Benefícios e Despesas Indiretas
D11: Referência estudo TCE
D12: 1° Quartil | E12: Médio | F12: 3° Quartil
A13: Administração Central | B13: AC | C13: 0.05 | D13: 0.0297 | E13: 0.0508 | F13: 0.0627
A14: Seguros/Riscos/Garantias | B14: SRG | C14: 0.0086 | D14: =0.3%+0.56% -> 0.0086 | E14: =0.48%+0.85% -> 0.0133 | F14: =0.82%+0.89% -> 0.0171
A15: Lucro | B15: L | C15: 0.1 | D15: 0.0778 | E15: 0.1085 | F15: 0.1355
A16: Despesas Financeiras | B16: DF | C16: =(1+E16)^(E17/252)-1 -> 0.0037893113 | D16: i | E16: 0.1
A17: Tributos - ISS | B17: T | C17: 0.02 | D17: DU | E17: 10
A18: Tributos - PIS/COFINS/ e CPP se houver | C18: 0.0365
A19: Fórmula para o cálculo do BDI:
A20: {[(1+AC+SRG) x (1+L) x (1+DF)] / (1-T)} -1
A21: Resultado do cálculo do BDI: | C21: =ROUND((((1+C13+C14)*(1+C15)*(1+C16))/(1-(C17+C18))-1),4) -> 0.2389 | D21: 0.2143 | E21: 0.2717 | F21: 0.3362

Sheet 4.Ton
A1: Prefeitura Municipal de Casca
A2: Toneladas de resíduos vegetais e volumosos
A3: Período: Estimativa com base 2023
A5: Previsão de Toneladas coletadas e enviadas ao destino final | F5: Valores R$ | G5: Valores R$
A6: Ordem | B6: Coleta Mensal Tonel. | C6: Item | D6: Ton/ano | F6: 108.51
A7: 1 | B7: 20 | C7: Resíduos Vegetais | D7: =B7*12 -> 240
A8: 2 | B8: 10 | C8: Materiais Volumosos | D8: =B8*12 -> 120
A9: Total Geral Ton/ano | D9: =SUM(D7:D8) -> 360

Sheet 5.Horarios
A1: Prefeitura Municipal de Casca
A2: Planilha com os horários dos funcionários coleta de resíduos de volumosos, vegetais e seletivo interior
A3: Periodicidade: Segunda a quinta
A4: Rota | B4: Coleta | C4: Dias | D4: Nr. Func. | E4: Cargo | F4: Entrada | G4: Saída | H4: Horas/dia | I4: Hrs/se-mana
A5: Rota 1 | B5: Volumosos | C5: Terça | D5: 2 | E5: Coletor | F5: 0.58333333 | G5: 0.8125 | H5: 0.22916667 | I5: =D5*5.5*1 -> 11 | K5: =I5+#REF!+#REF!+#REF!+#REF! -> #REF! | O5: =I6+#REF!+#REF!+#REF!+#REF! -> #REF!
D6: 1 | E6: Motorista | F6: 0.58333333 | G6: 0.8125 | H6: 0.22916667 | I6: =D6*5.5*1 -> 5.5 | K6: 6 | O6: 2
A7: Rota 1 | B7: Vegetais | C7: Segunda, quinta | D7: 2 | E7: Coletor | F7: 0.58333333 | G7: 0.8125 | H7: 0.22916667 | I7: =D7*5.5*2 -> 22 | K7: =I7+#REF!+#REF!+#REF!+#REF! -> #REF! | L7: 15 | M7: 12 | N7: 6 | O7: =I8+#REF!+#REF!+#REF!+#REF! -> #REF!
D8: 1 | E8: Motorista | F8: 0.58333333 | G8: 0.8125 | H8: 0.22916667 | I8: =D8*5.5*2 -> 11 | K8: =K7/3 -> #REF! | L8: 45 | M8: 30 | N8: 10 | O8: 1
A9: Rota 2, 3, 4 e 5 | B9: Seletivo Interior | C9: Quarta | D9: 2 | E9: Coletor | F9: 0.58333333 | G9: 0.8125 | H9: 0.22916667 | I9: =D9*5.5*1 -> 11
D10: 1 | E10: Motorista | F10: 0.58333333 | G10: 0.8125 | H10: 0.22916667 | I10: =D10*5.5*1 -> 5.5
A14: Cargo: Coletor de resíduos vegetais, volumosos e Interior
A15: Total de horas por coletor | G15: 5.5 | L15: =#REF!/4 -> #REF! | M15: =#REF!/3 -> #REF! | N15: =#REF!/3 -> #REF!
A16: Total de dias por semana | G16: 4
A17: Total de horas por semana | G17: =G15*G16 -> 22
A18: Dias úteis semana | G18: 6
A19: Total de dias com (DSR) Descanso Semanal Remunerado | G19: 7
A20: Total de horas/dia com (DSR) | G20: =G17/G18 -> 3.6666667
A21: Total de dias no mês (30 dias) | G21: 30
A22: Total geral de horas mês com (DSR) | G22: =G20*G21 -> 110
A23: Total geral de horas base mês com (DSR) | G23: 220
A24: Fator de utilização | G24: =G22/G23 -> 0.5
A26: Cargo: Motorista da coleta de resíduos vegetais, volumosos e Interior
A27: Total de horas por motorista | G27: 5.5
A28: Total de dias por semana | G28: 4
A29: Total de horas por semana | G29: =G27*G28 -> 22
A30: Dias úteis semana | G30: 6
A31: Total de dias com (DSR) Descanso Semanal Remunerado | G31: 7
A32: Total de horas/dia com (DSR) | G32: =G29/G30 -> 3.6666667
A33: Total de dias no mês (30 dias) | G33: 30
A34: Total geral de horas mês com (DSR) | G34: =G32*G33 -> 110
A35: Total geral de horas base mês com (DSR) | G35: 220
A36: Fator de utilização | G36: =G34/G35 -> 0.5

Sheet 6.Rotas
B2: ROTAS DE COLETA | H2: TOTAL = ROTAS DE COLETA + TRANSPORTE | O2: TOTAL MENSAL = ROTAS DE COLETA + TRANSPORTE
B4: Rota 1 - Coleta de Volumosos e Vegetais | H4: Resumo do Percurso - Coleta de Resíduos de Volumosos e Vegetais | O4: Total dos percursos dos Resíduos de Volumosos
B5: Locais de coleta: Área urbana da cidade | H5: Coleta Rota 1 | O5: Rota | P5: Dias da semana | Q5: Nu. Coleta Semanal | S5: Distância: Coleta + Transporte | T5: Und.
B6: Trecho | C6: Cor Linha | D6: Ponto a Ponto | E6: Distância | F6: Unid | H6: Garagem - Pesagem - Inicio da Rota | K6: 8.8 | L6: km
B7: Trecho 01 | D7: 1 - 2 | E7: 3903.67 | F7: m | H7: Início da Rota - Final da Rota | K7: =E17 -> 39.6352 | L7: km | O7: Rota 1 | P7: Terça | Q7: 1 | R7: x | S7: =K10 -> 106.0352 | T7: km
B8: Trecho 02 | D8: 2 - 3 | E8: 3304.28 | F8: m | H8: Final da rota - Pesagem - Central de Triagem | K8: 32.6 | L8: km
B9: Trecho 03 | D9: 3 - 4 | E9: 5758.1 | F9: m | H9: Central de Triagem - Garagem | K9: 25 | L9: km | O9: Total Semanal | S9: =(S7*Q7) -> 106.0352 | T9: Km
B10: Trecho 04 | D10: 4 - 5 | E10: 4163.66 | F10: m | H10: Distância total diária: | K10: =SUM(K6:K9) -> 106.0352 | L10: km | O10: Total Mensal | S10: =((S9/7)*30) -> 454.43657 | T10: Km
B11: Trecho 05 | D11: 5 - 6 | E11: 5608.2 | F11: m
B12: Trecho 06 | D12: 6 - 7 | E12: 3031.64 | F12: m | H12: Resumo do Percurso - Coleta de Resíduos Domiciliares - Seletivo Interior
B13: Trecho 07 | D13: 7 - 8 | E13: 2184.6 | F13: m | H13: Coleta Rota 2 | O13: Total dos percursos dos Resíduos de Vegetais
B14: Trecho 08 | D14: 8 - 9 | E14: 5316.24 | F14: m | H14: Garagem - Pesagem - Inicio da Rota | K14: 8.8 | L14: km | O14: Rota | P14: Dias da semana | Q14: Nu. Coleta Semanal | S14: Distância: Coleta + Transporte | T14: Und.
B15: Trecho 09 | D15: 9 - 10 | E15: 2657.58 | F15: m | H15: Início da Rota - Final da Rota | K15: =E29 -> 47.65453 | L15: km
B16: Trecho 10 | D16: 10 - 11 | E16: 3707.23 | F16: m | H16: Final da rota - Pesagem - Central de Triagem | K16: 32.6 | L16: km | O16: Rota 1 | P16: Segunda e Quinta | Q16: 2 | R16: x | S16: =K10 -> 106.0352 | T16: km
B17: Distância total da Rota: | E17: =SUM(E7:E16)/1000 -> 39.6352 | F17: km | H17: Central de Triagem - Garagem | K17: 25 | L17: km
H18: Distância total diária: | K18: =SUM(K14:K17) -> 114.05453 | L18: km | O18: Total Semanal | S18: =(Q16*S16) -> 212.0704 | T18: Km
O19: Total Mensal | S19: =((S18/7)*30) -> 908.87314 | T19: Km
B20: Rota 2 - Coleta de Residuos Domiciliares Seletivo do Interior | H20: Resumo do Percurso - Coleta de Resíduos Domiciliares - Seletivo Interior
B21: Locais de coleta: Área do interior - Região Oeste | H21: Coleta Rota 3
B22: Trecho | C22: Cor Linha | D22: Ponto a Ponto | E22: Distância | F22: Unid | H22: Garagem - Pesagem - Inicio da Rota | K22: 8.8 | L22: km | O22: Total dos percursos Resíduos Seletivos - Interior
B23: Trecho 01 | D23: 1 - 2 | E23: 5997.15 | F23: m | H23: Início da Rota - Final da Rota | K23: =E41 -> 37.1147 | L23: km | O23: Rota | P23: Dias da semana | Q23: Nu. Coleta Semanal | S23: Distância: Coleta + Transporte | T23: Und.
B24: Trecho 02 | D24: 2 - 3 | E24: 9675.8 | F24: m | H24: Final da rota - Pesagem - Central de Triagem | K24: 32.6 | L24: km
B25: Trecho 03 | D25: 3 - 4 | E25: 4357.7 | F25: m | H25: Central de Triagem - Garagem | K25: 25 | L25: km | O25: Rota 2 | P25: Quarta - 1ª semana (uma vez por mês) | Q25: 1 | R25: x | S25: =K18 -> 114.05453 | T25: km
B26: Trecho 04 | D26: 4 - 5 | E26: 8754.44 | F26: m | H26: Distância total diária: | K26: =SUM(K22:K25) -> 103.5147 | L26: km
B27: Trecho 05 | D27: 5 - 6 | E27: 12007.16 | F27: m | O27: Rota 3 | P27: Quarta - 2ª semana (uma vez por mês) | Q27: 1 | R27: x | S27: =K26 -> 103.5147 | T27: km
B28: Trecho 06 | D28: 6 - 7 | E28: 6862.28 | F28: m | H28: Resumo do Percurso - Coleta de Resíduos Domiciliares - Seletivo Interior
B29: Distância total da Rota: | E29: =SUM(E23:E28)/1000 -> 47.65453 | F29: km | H29: Coleta Rota 4 | O29: Rota 4 | P29: Quarta - 3ª semana (uma vez por mês) | Q29: 1 | R29: x | S29: =K34 -> 101.73856 | T29: km
H30: Garagem - Pesagem - Inicio da Rota | K30: 8.8 | L30: km
H31: Início da Rota - Final da Rota | K31: =E53 -> 35.33856 | L31: km | O31: Rota 5 | P31: Quarta - 4ª semana (uma vez por mês) | Q31: 1 | R31: x | S31: =K42 -> 113.75392 | T31: km
B32: Rota 3 - Coleta de Residuos Domiciliares Seletivo do Interior | H32: Final da rota - Pesagem - Central de Triagem | K32: 32.6 | L32: km
B33: Locais de coleta: Área do interior - Região Norte | H33: Central de Triagem - Garagem | K33: 25 | L33: km | O33: Total Semanal (média semanal) | S33: =((Q25*S25)+(Q27*S27)+(Q29*S29)+(Q31*S31))/4 -> 108.26543 | T33: Km
B34: Trecho | C34: Cor Linha | D34: Ponto a Ponto | E34: Distância | F34: Unid | H34: Distância total diária: | K34: =SUM(K30:K33) -> 101.73856 | L34: km | O34: Total Mensal | S34: =S25+S27+S29+S31 -> 433.06171 | T34: Km
B35: Trecho 01 | D35: 1 - 2 | E35: 4475.97 | F35: m
B36: Trecho 02 | D36: 2 - 3 | E36: 7140.04 | F36: m | H36: Resumo do Percurso - Coleta de Resíduos Domiciliares - Seletivo Interior | P36: Kms 02 viagens ao destino final | R36: =43*4 -> 172 | S36: Km
B37: Trecho 03 | D37: 3 - 4 | E37: 5856.96 | F37: m | H37: Coleta Rota 5
B38: Trecho 04 | D38: 4 - 5 | E38: 9246.43 | F38: m | H38: Garagem - Pesagem - Inicio da Rota | K38: 8.8 | L38: km
B39: Trecho 05 | D39: 5 - 6 | E39: 5470.76 | F39: m | H39: Início da Rota - Final da Rota | K39: =E65 -> 47.35392 | L39: km
B40: Trecho 06 | D40: 6 - 7 | E40: 4924.54 | F40: m | H40: Final da rota - Pesagem - Central de Triagem | K40: 32.6 | L40: km
B41: Distância total da Rota: | E41: =SUM(E35:E40)/1000 -> 37.1147 | F41: km | H41: Central de Triagem - Garagem | K41: 25 | L41: km
H42: Distância total diária: | K42: =SUM(K38:K41) -> 113.75392 | L42: km
B44: Rota 4- Coleta de Residuos Domiciliares Seletivo do Interior
B45: Locais de coleta: Área do interior - Região Sudoeste
B46: Trecho | C46: Cor Linha | D46: Ponto a Ponto | E46: Distância | F46: Unid
B47: Trecho 01 | D47: 1 - 2 | E47: 3894.83 | F47: m
B48: Trecho 02 | D48: 2 - 3 | E48: 6987.27 | F48: m
B49: Trecho 03 | D49: 3 - 4 | E49: 7801.48 | F49: m
B50: Trecho 04 | D50: 4 - 5 | E50: 6091.82 | F50: m
B51: Trecho 05 | D51: 5 - 6 | E51: 2817.16 | F51: m
B52: Trecho 06 | D52: 6 - 7 | E52: 7746 | F52: m
B53: Distância total da Rota: | E53: =SUM(E47:E52)/1000 -> 35.33856 | F53: km
B56: Rota 5- Coleta de Residuos Domiciliares Seletivo do Interior
B57: Locais de coleta: Área do interior - Região Sudeste
B58: Trecho | C58: Cor Linha | D58: Ponto a Ponto | E58: Distância | F58: Unid
B59: Trecho 01 | D59: 1 - 2 | E59: 6258.12 | F59: m
B60: Trecho 02 | D60: 2 - 3 | E60: 9065.07 | F60: m
B61: Trecho 03 | D61: 3 - 4 | E61: 5273.37 | F61: m
B62: Trecho 04 | D62: 4 - 5 | E62: 13750.2 | F62: m
B63: Trecho 05 | D63: 5 - 6 | E63: 4214.53 | F63: m
B64: Trecho 06 | D64: 6 - 7 | E64: 8792.63 | F64: m
B65: Distância total da Rota: | E65: =SUM(E59:E64)/1000 -> 47.35392 | F65: km

Sheet 7. Depreciação
A1: 6. Depreciação Referencial TCE/RS (%)
A2: Idade do veículo (ano) | B2: Depreciação Média
A3: 1 | B3: 33.63
A4: 2 | B4: 43.13
A5: 3 | B5: 48.68
A6: 4 | B6: 52.62
A7: 5 | B7: 55.68
A8: 6 | B8: 58.18
A9: 7 | B9: 60.29
A10: 8 | B10: 62.12
A11: 9 | B11: 63.73
A12: 10 | B12: 65.18
A13: 11 | B13: 66.48
A14: 12 | B14: 67.67
... A17: 15 | B17: 70.73
